 Dungeon Crawl Stone Soup version 0.31-a0-271-gb88eb75e06 (webtiles) character file.

Game seed: 12774978513037212485

10859 Iniera the Nimble (level 12, -6/76 HPs)
             Began as a Kobold Monk on July 14, 2023.
             Was a Priest of Qazlal.
             Mangled by a two-headed ogre
             ... wielding a +0 giant club
              (25 damage)
             ... on level 11 of the Dungeon.
             The game lasted 00:16:25 (11146 turns).

Iniera the Nimble (Kobold Monk)                    Turns: 11146, Time: 00:16:26

Health: -6/76      AC: 10    Str:  8    XL:     12   Next: 0%
Magic:  11/18      EV: 22    Int: 12    God:    Qazlal [***...]
Gold:   459        SH: 12    Dex: 28    Spells: 11/11 levels left

rFire   . . .        v - +3 dagger (elec)
rCold   + . .        A - +0 buckler
rNeg    . . .        h - +0 ring mail
rPois   .            l - +2 helmet
rElec   .            o - +0 cloak
rCorr   .            (no gloves)
SInv    .            a - +0 pair of boots
Will    +....        (no amulet)
Stlth   ++           k - +6 ring of dexterity
HPRegen 0.32/turn    (no ring)
MPRegen 0.16/turn

%: clarity
@: marked
A: small, no large weapons, nightstalker 3, clarity, cold resistance 1,
strong-willed 1
a: Renounce Religion, Upheaval, Elemental Force


You were on level 11 of the Dungeon.
You worshipped Qazlal.
Qazlal was most pleased with you.
You visited 2 branches of the dungeon, and saw 12 of its levels.

You collected 495 gold pieces.
You spent 36 gold pieces at shops.

Inventory:

Hand Weapons
 e - a +0 scimitar
 t - a +0 rapier
 v - a +3 dagger of electrocution (weapon)
Missiles
 g - 20 poisoned darts (quivered)
 y - a throwing net
 z - 4 curare-tipped darts
Armour
 a - a +0 pair of boots (worn)
 h - a +0 ring mail (worn)
 l - a +2 helmet (worn)
 o - a +0 cloak (worn)
 A - a +0 buckler (worn)
Jewellery
 k - a +6 ring of dexterity (left hand)
 s - a ring of flight
 H - a ring of protection from fire
Wands
 j - a wand of iceblast (4)
 n - a wand of digging (7)
 x - a wand of polymorph (4)
 B - a wand of paralysis (9)
Scrolls
 b - 3 scrolls of teleportation
 i - 2 scrolls of blinking
 q - a scroll of summoning
 u - 2 scrolls of poison
 w - 3 scrolls of vulnerability
 F - a scroll of fear
 G - a scroll of fog
Potions
 c - 3 potions of ambrosia
 d - 4 potions of mutation
 f - a potion of brilliance
 m - a potion of magic
 p - 2 potions of curing
 r - 3 potions of attraction
 C - a potion of invisibility {unknown}
 D - 2 potions of might {unknown}
 E - a potion of haste {unknown}
 I - 3 potions of heal wounds


   Skills:
 + Level 9.4 Fighting
 - Level 10.0 Short Blades
 - Level 2.0 Throwing
 + Level 12.2 Dodging
 * Level 6.5 Shields
 + Level 8.1 Invocations


You had 11 spell levels left.
You didn't know any spells.
Your spell library contained the following spells:

 Spells                   Type           Power      Damage    Failure   Level
 Kiss of Death            Conj/Necr      0%         2d5       83%         1
 Sting                    Tmut/Pois      0%         1d3       83%         1
 Lesser Beckoning         Tloc           0%         N/A       92%         2
 Confusing Touch          Hex            0%         N/A       99%         3
 Dazzling Flash           Conj/Hex       0%         N/A       99%         3
 Gell's Gravitas          Tloc           0%         N/A       99%         3
 Ignite Poison            Fire/Tmut/Pois 0%         N/A       99%         3
 Inner Flame              Hex/Fire       0%         N/A       99%         3
 Mephitic Cloud           Conj/Pois/Air  0%         N/A       99%         3
 Teleport Other           Tloc           0%         N/A       99%         3
 Volatile Blastmotes      Fire/Tloc      0%         2d10      99%         3
 Animate Dead             Necr           0%         N/A       100%        4
 Dispel Undead            Necr           0%         3d6       100%        4
 Fulminant Prism          Conj/Hex       0%         3d5       100%        4
 Iskenderun's Mystic Bla  Conj/Tloc      0%         2d3       100%        4
 Agony                    Necr           0%         N/A       100%        5
 Borgnjor's Vile Clutch   Necr/Erth      0%         N/A       100%        5
 Silence                  Hex/Air        0%         N/A       100%        5
 Death Channel            Necr           0%         N/A       100%        6
 Plasma Beam              Fire/Air       0%         2x1d10    100%        6


Dungeon Overview and Level Annotations

Branches:
Dungeon (11/15)            Temple (1/1) D:5
   Lair: D:8-11         Orc: D:9-12

Altars:
Ashenzari
Cheibriados
Dithmenos
Elyvilon
Fedhas
Gozag
Hepliaklqana
Kikubaaqudgha
Makhleb
Nemelex Xobeh
Okawaru
Qazlal
Ru
Sif Muna
Trog
Uskayaw
Vehumet
Wu Jian
Xom
Yredelemnul
Zin
The Shining One

Shops:
D:2 =   D:3 !

Portals:
Ice
Cave: D:11

Annotations:
D:11 2 transporters


Innate Abilities, Weirdness & Mutations

You are small and have problems with some larger weapons.
You are completely attuned to the shadows.
You possess an exceptional clarity of mind.
Your flesh is cold resistant. (rC+)
You are strong-willed. (Will+)


Message History

Things that are here:
a +0 dagger; a +0 robe
Things that are here:
a +0 hand axe; an orc corpse You block the two-headed ogre's attack.
The two-headed ogre hits you with a +0 giant spiked club!
Things that are here:
a +0 dagger; a +0 robe You hit the two-headed ogre but do no damage.
You hit the two-headed ogre but do no damage.
The two-headed ogre hits you with a +0 giant club!
* * * LOW HITPOINT WARNING * * *
You block the two-headed ogre's attack.
You hit the two-headed ogre.
Lightning courses through the two-headed ogre!
The two-headed ogre is moderately wounded.
You barely miss the two-headed ogre.
The two-headed ogre is moderately wounded.
You hit the two-headed ogre.
The two-headed ogre is moderately wounded.
The two-headed ogre barely misses you. You block the two-headed ogre's attack.
You hit the two-headed ogre.
The two-headed ogre is moderately wounded.
You barely miss the two-headed ogre.
The two-headed ogre is moderately wounded.
The two-headed ogre closely misses you. You block the two-headed ogre's attack.
You closely miss the two-headed ogre.
The two-headed ogre is moderately wounded.
You closely miss the two-headed ogre.
The two-headed ogre is moderately wounded.
The two-headed ogre attacks as you move away!
The two-headed ogre completely misses you.
The two-headed ogre closely misses you.
Activating: Elemental Force (1% risk of failure)
Press: ? - help, Dir - look around, f - activate Clouds arounds you coalesce and take form!
The storm surrounding you is now too weak to repel missiles.
You will no longer adapt resistances upon receiving elemental damage.
The two-headed ogre hits you with a +0 giant club!!
You die...

####+### .$.. #......#
...(..## #......#
......)...# #......#
..(......((.### #......#
#.#...........###......#
# ....E..E...#()##......#
...#....○E...##.)+......#
.#.#....@....#####......'
....E.EO....[# #....>.#
.∩.#.#.####### ####..##
....$))# #....## .#....##
......## ...#'## .......#
###... ........ +....
......©. #..... ....####


You could see a two-headed ogre (ally target), a friendly earth elemental
(summoned), a friendly water elemental (summoned) and 3 friendly fire
elementals.

Vanquished Creatures
  Harold (D:11)
  2 two-headed ogres
  Pikel (D:7)
  Joseph (D:11)
  2 trolls
  A hornet (D:8)
  2 wraiths
  3 wyverns
  15 yaks
  Grum (D:10)
  A steam dragon (D:8)
  Menkaure (D:7)
  A water moccasin (D:6)
  8 orc warriors
  3 black bears
  A hornet zombie (D:7)
  An ice beast (D:8)
  2 wolves (D:10)
  3 ogres
  2 lemures (D:7)
  3 centaurs
  A kobold brigand (D:9)
  A necrophage (D:7)
  5 bullfrogs
  2 gnoll sergeants
  2 scorpions
  7 wights
  A howler monkey (D:7)
  A hound (D:5)
  A bullfrog zombie (D:7)
  A human zombie (D:7)
  7 orc priests
  2 gnoll boudas
  Terence (D:3)
  4 iguanas
  Natasha (thrice) (D:3)
  9 orc wizards
  A killer bee zombie (D:7)
  3 mummies (D:7)
  Robin (D:3)
  18 gnolls
  9 adders
  2 shadow imps
  A white imp (D:7)
  2 dart slugs (D:2)
  62 orcs
  6 bats
  3 endoplasms
  A giant cockroach (D:1)
  16 goblins
  9 hobgoblins
  2 jackals (D:5)
  5 quokkas
  5 ball pythons
  3 frilled lizards
  13 kobolds
  9 rats
274 creatures vanquished.

Vanquished Creatures (collateral kills)
  A jackal (D:5)
1 creature vanquished.

Vanquished Creatures (others)
  A goblin (D:4)
1 creature vanquished.

Grand Total: 276 creatures vanquished

Notes
Turn   | Place    | Note
-------+----------+-------------------------------------------
     0 | D:1      | Iniera the Kobold Monk began the quest for the Orb.
     0 | D:1      | Reached XP level 1. HP: 14/14 MP: 1/1
    52 | D:1      | Found a faded altar of an unknown god.
    58 | D:1      | Got Plato's Grimoire of Transformation
   209 | D:1      | Reached XP level 2. HP: 19/19 MP: 2/2
   287 | D:1      | Reached skill level 4 in Dodging
   887 | D:1      | Reached XP level 3. HP: 23/23 MP: 3/3
  1177 | D:2      | Found Lewkuamu's One-of-a-Kind Rings.
  2219 | D:3      | Noticed Natasha
  2237 | D:3      | Killed Natasha
  2238 | D:3      | Reached skill level 1 in Throwing
  2238 | D:3      | Reached XP level 4. HP: 13/29 MP: 4/4
  2366 | D:3      | Noticed a scorpion
  2371 | D:3      | Killed a scorpion
  2372 | D:3      | Reached skill level 5 in Short Blades
  2372 | D:3      | Reached skill level 5 in Dodging
  2372 | D:3      | Reached XP level 5. HP: 19/33 MP: 5/5
  2373 | D:3      | Noticed Natasha
  2384 | D:3      | Killed Natasha
  2610 | D:3      | Found Plog's Distillery.
  2615 | D:3      | Bought a potion of curing for 36 gold pieces
  2655 | D:3      | Found an ancient bone altar of Kikubaaqudgha.
  2658 | D:3      | Found a glowing silver altar of Zin.
  2661 | D:3      | Found a radiant altar of Vehumet.
  2665 | D:3      | Found a snail-covered altar of Cheibriados.
  2668 | D:3      | Found a broken altar of Ashenzari.
  2779 | D:3      | Reached XP level 6. HP: 38/38 MP: 6/6
  2837 | D:3      | Noticed Natasha
  2854 | D:3      | Killed Natasha
  2854 | D:3      | Noticed Terence
  2864 | D:3      | Killed Terence
  3198 | D:4      | Noticed Robin
  3218 | D:3      | Reached skill level 6 in Dodging
  3229 | D:3      | Killed Robin
  3244 | D:3      | Gained mutation: You are vulnerable to heat. (rF-) [potion
                  | of mutation]
  3244 | D:3      | Gained mutation: You are very vulnerable to heat. (rF--)
                  | [potion of mutation]
  3244 | D:3      | Gained mutation: You have hidden genetic potential. [potion
                  | of mutation]
  3245 | D:3      | Lost mutation: You are very vulnerable to heat. (rF--)
                  | [potion of mutation]
  3245 | D:3      | Lost mutation: You are vulnerable to heat. (rF-) [potion of
                  | mutation]
  3245 | D:3      | Lost mutation: You have hidden genetic potential. [potion
                  | of mutation]
  3245 | D:3      | Gained mutation: You possess an exceptional clarity of
                  | mind. [potion of mutation]
  3245 | D:3      | Gained mutation: Your flesh is cold resistant. (rC+)
                  | [potion of mutation]
  3245 | D:3      | Gained mutation: You are strong-willed. (Will+) [potion of
                  | mutation]
  3584 | D:4      | Reached skill level 1 in Invocations
  3584 | D:4      | Reached XP level 7. HP: 41/44 MP: 7/7
  3858 | D:4      | Got Afawoquu's Anthology of Lethal Immolation
  4040 | D:4      | Reached skill level 5 in Fighting
  4040 | D:4      | Found an opulent altar of Gozag.
  4142 | D:4      | Reached skill level 7 in Dodging
  4375 | D:5      | Entered Level 5 of the Dungeon
  4490 | D:5      | Found a staircase to the Ecumenical Temple.
  4559 | Temple   | Entered the Ecumenical Temple
  4835 | Temple   | Became a worshipper of Qazlal Stormbringer
  4835 | Temple   | Reached * piety under Qazlal
  4835 | Temple   | Reached ** piety under Qazlal
  4936 | D:5      | Reached XP level 8. HP: 49/49 MP: 9/9
  5550 | D:5      | Reached skill level 8 in Dodging
  5687 | D:6      | Noticed a two-headed ogre
  5691 | D:6      | Killed a two-headed ogre
  5692 | D:6      | Reached skill level 9 in Dodging
  5692 | D:6      | Reached XP level 9. HP: 56/56 MP: 10/12
  6492 | D:7      | Reached skill level 10 in Dodging
  6518 | D:7      | Noticed Menkaure
  6525 | D:7      | Reached skill level 5 in Invocations
  6528 | D:7      | Upgraded the game from 0.31-a0-263-ge8cad7f256 to
                  | 0.31-a0-271-gb88eb75e06
  6533 | D:7      | Killed Menkaure
  6850 | D:7      | Noticed Pikel
  6873 | D:7      | Killed Pikel
  6874 | D:7      | Reached XP level 10. HP: 60/63 MP: 14/14
  7178 | D:7      | Reached *** piety under Qazlal
  7603 | D:7      | Found a basalt altar of Yredelemnul.
  7923 | D:7      | Reached skill level 11 in Dodging
  8002 | D:8      | Reached **** piety under Qazlal
  8173 | D:8      | Paralysed by a hornet for 2 turns
  8188 | D:8      | Paralysed by a hornet for 2 turns
  8819 | D:9      | Noticed a two-headed ogre
  8832 | D:9      | Killed a two-headed ogre
  8919 | D:9      | Reached XP level 11. HP: 68/68 MP: 16/16
  9240 | D:9      | Reached skill level 5 in Shields
  9460 | D:9      | Reached skill level 10 in Short Blades
  9843 | D:10     | Entered Level 10 of the Dungeon
  9849 | D:10     | Found an iron altar of Okawaru.
  9981 | D:10     | Noticed Grum
 10013 | D:10     | Killed Grum
 10446 | D:10     | Identified the +1 leather armour of a wizard's laboratory
                  | {Dex+7}
 10750 | D:11     | Identified the orb of Life {light, *Slow rC- Str+8 Dex+8}
 10842 | D:11     | Reached skill level 12 in Dodging
 10997 | D:11     | Found a transporter.
 11012 | D:11     | Found a transporter.
 11050 | D:11     | Noticed Harold
 11054 | D:11     | Noticed Joseph
 11075 | D:11     | Killed Harold
 11092 | D:11     | Killed Joseph
 11093 | D:11     | Reached XP level 12. HP: 31/76 MP: 9/18
 11114 | D:11     | Found a frozen archway.
 11129 | D:11     | Noticed a two-headed ogre
 11146 | D:11     | Mangled by a two-headed ogre

Illustrated notes

Levels and vault maps discovered:
D:1:      evilmike_arrival_crescent, layout_basic,
          shapermc_ecumenical_altar_rom_forum
D:2:      layout_loops_corners, nicolae_shop_unique_rings, chequers_garden,
          kennysheep_cross_bottleneck, minivault_25
D:3:      minmay_angry_zag, layout_basic, nicolae_overflow_hallway_of_the_gods,
          serial_shops, shop, uniq_natasha, uniq_terence
D:4:      layout_cave_pods, lemuel_coloured_pillars_altar, uniq_robin
D:5:      layout_basic, minmay_temple_entry_antechambers
D:6:      layout_loops_ring, hangedman_decor_clover_reticule
D:7:      layout_loops_ring, lemuel_mausoleum_altar_yredelemnul, uniq_pikel,
          uniq_menkaure
D:8:      layout_rooms, kennysheep_generic_room_13
D:9:      layout_stronghold
D:10:     layout_basic, okawaru_metal_pillars_1_2, special_room
          [special_room_orc], uniq_grum
D:11:     layout_roguey, erik_lair_dragon, portal_ice_cave_entry_pillars_1,
          gammafunk_ghost_wrathful_warriors, minmay_sticks_and_stones,
          uniq_harold, uniq_maurice
Temple:   dpeg_chambers_temple

Skill      XL: |  1  2  3  4  5  6  7  8  9 10 11 |
---------------+----------------------------------+-----
Dodging        | 4 5 6 7 9 10 11 12 | 12.2
Throwing       | 1 2 |  2.0
Fighting       | 4 5 6 7 8 9 |  9.4
Short Blades   | 5 6 7 8 9 10 | 10.0
Invocations    | 1 2 4 5 6 8 |  8.1
Shields        | 2 4 6 |  6.5

Action                     |  1- 3 |  4- 6 |  7- 9 | 10-12 || total
---------------------------+-------+-------+-------+-------++-------
  Melee: Short sword       |   115 |   146 |    81 |       ||   342
         Dagger            |       |       |   169 |   568 ||   737
  Throw: Dart              |       |     8 |    28 |       ||    36
 Invoke: Upheaval          |       |       |       |     5 ||     5
         Elemental Force   |       |       |       |     1 ||     1
  Evoke: Wand              |       |       |     1 |     2 ||     3
    Use: Scroll            |       |     6 |     3 |     8 ||    17
         Potion            |       |     2 |       |     3 ||     5
   Stab: Sleeping          |     5 |       |       |       ||     5
         Distracted        |     1 |       |       |       ||     1
 Armour: Ring mail         |    18 |    44 |    34 |    52 ||   148
         Robe              |     1 |       |       |       ||     1
  Dodge: Dodged            |    61 |   120 |   155 |   268 ||   604
  Block: Orb               |       |       |    17 |       ||    17
         Buckler           |       |       |     7 |   250 ||   257

Table legend: (Time is in decaauts)
 A = Elapsed time spent in this place.
 B = Non-inter-level travel time spent in this place.
 C = Inter-level travel time spent in this place.
 D = Time resting spent in this place.
 E = Time spent auto-exploring this place.
 F = Levels seen in this place.
 G = Mean time per level.
                   A        B        C        D        E       F      G
               +--------+--------+--------+--------+--------+-----+--------+
         Total |  10793 |  10384 |    409 |    693 |   8013 |  12 |  899.4 |
       Dungeon |  10489 |  10108 |    381 |    693 |   7754 |  11 |  953.5 |
        Temple |    303 |    276 |     27 |      0 |    259 |   1 |  303.0 |
               +--------+--------+--------+--------+--------+-----+--------+

Top non-repeatable levels by time:
     D:7: 1658 daAuts
     D:4: 1184 daAuts
     D:1: 1135 daAuts
     D:2: 1064 daAuts
     D:9: 1031 daAuts
     D:3: 926 daAuts
     D:5: 886 daAuts
     D:6: 878 daAuts
    D:10: 806 daAuts
     D:8: 523 daAuts
    D:11: 393 daAuts
  Temple: 303 daAuts
